[ AOE2 MATCH · #506702260 ]
UnrankedTeutons vs Huns
Player's team · WIN
Rival team · LOSS
[ REPLAY ANALYSIS · EXTRACTED FROM THE RECORDED GAME ]
Feudal
9:07
Castle
27:04
Imperial
—
| APM avg | 28.2 |
| APM peak | 52 |
| eAPM avg | 18.3 |
| Villagers / military | 65 / 20 |
Focus
⚔️ 28.3% · 🌾 71.7%
Knight ×20
Feudal
8:59
Castle
24:14
Imperial
—
| APM avg | 60.9 |
| APM peak | 90 |
| eAPM avg | 25.3 |
| Villagers / military | 72 / 28 |
Focus
⚔️ 13.9% · 🌾 86.1%
Scout Cavalry ×10 · Spearman ×9 · Knight ×4 · Mangonel ×3 · Monk ×1 · Battering Ram ×1
Match map
Initial resources + every placement click. Lines = walls · curves = elevation contours. ◆ gold · ⬟ stone · ● berries · ✦ relic · ◌ wall gap
Your base· Open — unwalled flank
betterave's base· Open — unwalled flank
Smoothed initial terrain · ◌ = detected wall gap · hover for details
Inputs per minute
— Lord_calderon - - betterave
Build order — Lord_calderon
First 150 of 184 actions detected
| 0:01 | Queue | Villager (Male) |
| 0:01 | Queue | Villager (Male) |
| 0:02 | Queue | Villager (Male) |
| 0:02 | Build | House |
| 0:04 | Build | House |
| 0:09 | Queue | Villager (Male) |
| 0:10 | Queue | Villager (Male) |
| 0:10 | Queue | Villager (Male) |
| 1:31 | Queue | Villager (Male) |
| 1:31 | Queue | Villager (Male) |
| 2:03 | Queue | Villager (Male) |
| 2:03 | Queue | Villager (Male) |
| 2:03 | Queue | Villager (Male) |
| 2:31 | Queue | Villager (Male) |
| 2:32 | Queue | Villager (Male) |
| 2:32 | Queue | Villager (Male) |
| 2:53 | Queue | Villager (Male) |
| 2:53 | Queue | Villager (Male) |
| 3:12 | Queue | Villager (Male) |
| 3:29 | Build | House |
| 3:35 | Queue | Villager (Male) |
| 3:36 | Queue | Villager (Male) |
| 3:36 | Queue | Villager (Male) |
| 3:46 | Queue | Villager (Male) |
| 3:46 | Queue | Villager (Male) |
| 4:05 | Build | Lumber Camp |
| 4:29 | Build | Mill |
| 4:30 | Queue | Villager (Male) |
| 4:42 | Queue | Villager (Male) |
| 5:02 | Research | Loom |
| 5:07 | Queue | Villager (Male) |
| 5:07 | Queue | Villager (Male) |
| 5:08 | Research | Loom |
| 6:57 | Research | Feudal Age |
| 6:57 | Research | Feudal Age |
| 7:37 | Build | Mining Camp |
| 7:46 | Build | House |
| 7:51 | Build | Palisade Wall |
| 8:06 | Build | Palisade Wall |
| 8:10 | Build | Palisade Wall |
| 8:12 | Build | Palisade Wall |
| 9:07 | Age | Feudal Age |
| 9:09 | Queue | Villager (Male) |
| 9:28 | Build | Watch Tower |
| 9:29 | Queue | Villager (Male) |
| 9:44 | Queue | Villager (Male) |
| 9:52 | Build | Palisade Wall |
| 9:52 | Build | Palisade Wall |
| 9:53 | Build | Palisade Wall |
| 9:57 | Build | Watch Tower |
| 10:10 | Queue | Villager (Male) |
| 10:43 | Build | House |
| 11:38 | Queue | Villager (Male) |
| 11:42 | Build | Blacksmith |
| 12:02 | Queue | Villager (Male) |
| 12:11 | Build | House |
| 12:31 | Research | Fletching |
| 12:42 | Build | Watch Tower |
| 12:55 | Queue | Villager (Male) |
| 12:59 | Build | Farm |
| 12:59 | Build | Farm |
| 13:00 | Build | Farm |
| 13:00 | Build | Farm |
| 13:00 | Build | Farm |
| 13:00 | Build | Farm |
| 13:08 | Build | Farm |
| 13:20 | Build | Farm |
| 14:06 | Queue | Villager (Male) |
| 14:07 | Build | Farm |
| 14:07 | Build | Farm |
| 14:08 | Build | Farm |
| 14:35 | Queue | Villager (Male) |
| 14:41 | Build | Farm |
| 15:12 | Build | Watch Tower |
| 15:15 | Queue | Villager (Male) |
| 15:33 | Queue | Villager (Male) |
| 15:57 | Build | Farm |
| 15:57 | Build | Farm |
| 16:05 | Queue | Villager (Male) |
| 16:35 | Queue | Villager (Male) |
| 16:40 | Build | House |
| 16:45 | Build | House |
| 17:05 | Queue | Villager (Male) |
| 17:05 | Queue | Villager (Male) |
| 17:21 | Queue | Villager (Male) |
| 17:26 | Build | Farm |
| 17:26 | Build | Farm |
| 17:56 | Queue | Villager (Male) |
| 18:01 | Build | Watch Tower |
| 18:19 | Build | Palisade Wall |
| 18:23 | Build | Palisade Wall |
| 18:28 | Queue | Villager (Male) |
| 18:48 | Queue | Villager (Male) |
| 19:06 | Build | Barracks |
| 19:22 | Queue | Villager (Male) |
| 19:29 | Build | Watch Tower |
| 19:38 | Queue | Villager (Male) |
| 19:43 | Build | Palisade Wall |
| 20:01 | Queue | Villager (Male) |
| 20:05 | Build | Mining Camp |
| 20:28 | Build | Watch Tower |
| 20:29 | Queue | Villager (Male) |
| 20:49 | Queue | Villager (Male) |
| 20:56 | Research | Double-Bit Axe |
| 21:07 | Build | Watch Tower |
| 21:11 | Queue | Villager (Male) |
| 21:20 | Build | Farm |
| 21:21 | Build | Farm |
| 21:37 | Build | House |
| 21:46 | Build | Watch Tower |
| 21:51 | Queue | Villager (Male) |
| 22:06 | Build | Stable |
| 22:30 | Queue | Villager (Male) |
| 22:31 | Build | Farm |
| 22:33 | Build | Farm |
| 22:54 | Build | Farm |
| 22:54 | Build | Farm |
| 22:54 | Build | Farm |
| 22:54 | Build | Farm |
| 22:55 | Build | Farm |
| 23:07 | Queue | Villager (Male) |
| 23:48 | Queue | Villager (Male) |
| 23:49 | Build | Farm |
| 23:52 | Build | Farm |
| 23:56 | Build | Farm |
| 23:57 | Build | Farm |
| 24:24 | Research | Castle Age |
| 24:41 | Build | Stable |
| 25:02 | Research | Bloodlines |
| 25:37 | Build | Stable |
| 26:05 | Research | Scale Barding Armor |
| 26:16 | Build | Farm |
| 26:17 | Build | Farm |
| 26:17 | Build | Farm |
| 26:27 | Build | Mill |
| 27:04 | Age | Castle Age |
| 27:07 | Queue | Knight |
| 27:07 | Queue | Knight |
| 27:08 | Queue | Knight |
| 27:20 | Queue | Villager (Male) |
| 27:22 | Build | Farm |
| 27:23 | Build | Farm |
| 27:23 | Build | Farm |
| 27:34 | Build | Lumber Camp |
| 27:46 | Queue | Knight |
| 27:46 | Queue | Knight |
| 27:46 | Queue | Knight |
| 27:52 | Build | House |
| 27:59 | Build | Palisade Wall |
| 28:19 | Queue | Knight |
Build order — betterave
First 150 of 165 actions detected
| 0:01 | Queue | Villager (Male) |
| 0:02 | Build | Palisade Wall |
| 0:10 | Queue | Villager (Male) |
| 0:11 | Queue | Villager (Male) |
| 0:11 | Queue | Villager (Male) |
| 1:20 | Queue | Villager (Male) |
| 1:20 | Queue | Villager (Male) |
| 1:20 | Queue | Villager (Male) |
| 1:53 | Queue | Villager (Male) |
| 1:53 | Queue | Villager (Male) |
| 1:56 | Build | Lumber Camp |
| 2:08 | Queue | Villager (Male) |
| 2:09 | Queue | Villager (Male) |
| 2:42 | Queue | Villager (Male) |
| 2:42 | Queue | Villager (Male) |
| 2:56 | Queue | Villager (Male) |
| 2:56 | Queue | Villager (Male) |
| 3:54 | Queue | Villager (Male) |
| 3:54 | Queue | Villager (Male) |
| 3:54 | Queue | Villager (Male) |
| 4:26 | Queue | Villager (Male) |
| 4:26 | Queue | Villager (Male) |
| 4:52 | Build | Mill |
| 5:05 | Queue | Villager (Male) |
| 5:16 | Queue | Villager (Male) |
| 5:17 | Queue | Villager (Male) |
| 6:01 | Research | Loom |
| 6:50 | Research | Feudal Age |
| 7:37 | Queue | Villager (Male) |
| 7:57 | Build | Barracks |
| 8:59 | Age | Feudal Age |
| 9:00 | Queue | Villager (Male) |
| 9:04 | Build | Stable |
| 9:19 | Research | Double-Bit Axe |
| 9:20 | Research | Horse Collar |
| 9:20 | Research | Horse Collar |
| 9:20 | Research | Horse Collar |
| 9:43 | Queue | Scout Cavalry |
| 9:46 | Build | Farm |
| 9:58 | Queue | Villager (Male) |
| 10:12 | Build | Watch Tower |
| 10:19 | Queue | Scout Cavalry |
| 10:54 | Queue | Villager (Male) |
| 11:17 | Queue | Spearman |
| 11:33 | Queue | Villager (Male) |
| 11:48 | Build | Lumber Camp |
| 11:54 | Queue | Spearman |
| 12:06 | Build | Mining Camp |
| 12:14 | Build | Farm |
| 12:15 | Build | Farm |
| 12:21 | Build | Farm |
| 12:37 | Queue | Villager (Male) |
| 13:09 | Build | Farm |
| 13:12 | Build | Farm |
| 13:13 | Build | Farm |
| 13:25 | Build | Blacksmith |
| 13:27 | Queue | Villager (Male) |
| 13:27 | Queue | Villager (Male) |
| 13:56 | Queue | Villager (Male) |
| 14:05 | Build | Farm |
| 14:13 | Build | Watch Tower |
| 14:21 | Queue | Villager (Male) |
| 14:38 | Queue | Villager (Male) |
| 14:38 | Queue | Villager (Male) |
| 14:53 | Queue | Scout Cavalry |
| 15:00 | Build | Farm |
| 15:12 | Queue | Villager (Male) |
| 15:39 | Queue | Scout Cavalry |
| 15:47 | Queue | Villager (Male) |
| 15:56 | Queue | Villager (Male) |
| 16:04 | Queue | Villager (Male) |
| 16:17 | Queue | Scout Cavalry |
| 16:21 | Research | Fletching |
| 16:21 | Research | Fletching |
| 16:39 | Queue | Villager (Male) |
| 16:39 | Queue | Villager (Male) |
| 16:40 | Queue | Villager (Male) |
| 16:57 | Queue | Scout Cavalry |
| 16:57 | Queue | Scout Cavalry |
| 17:15 | Queue | Villager (Male) |
| 17:34 | Build | Lumber Camp |
| 17:40 | Queue | Scout Cavalry |
| 17:42 | Queue | Villager (Male) |
| 18:01 | Queue | Villager (Male) |
| 18:14 | Queue | Scout Cavalry |
| 18:38 | Queue | Villager (Male) |
| 18:43 | Build | Mining Camp |
| 19:03 | Build | Farm |
| 19:04 | Build | Farm |
| 19:08 | Build | Farm |
| 19:10 | Queue | Villager (Male) |
| 19:33 | Queue | Villager (Male) |
| 19:53 | Queue | Villager (Male) |
| 20:11 | Build | Market |
| 20:27 | Queue | Villager (Male) |
| 20:30 | Build | Farm |
| 20:35 | Build | Farm |
| 20:38 | Build | Farm |
| 20:39 | Build | Farm |
| 21:34 | Research | Castle Age |
| 21:34 | Research | Castle Age |
| 21:42 | Build | Watch Tower |
| 22:07 | Queue | Villager (Male) |
| 22:13 | Research | Forging |
| 22:13 | Research | Forging |
| 22:30 | Build | Mining Camp |
| 22:49 | Build | Lumber Camp |
| 22:50 | Queue | Villager (Male) |
| 23:31 | Build | Farm |
| 23:54 | Queue | Villager (Male) |
| 24:14 | Age | Castle Age |
| 24:16 | Build | Siege Workshop |
| 24:31 | Build | Town Center |
| 24:37 | Queue | Villager (Male) |
| 24:41 | Build | Monastery |
| 24:47 | Queue | Mangonel |
| 24:53 | Queue | Knight |
| 24:55 | Queue | Villager (Male) |
| 25:08 | Build | Lumber Camp |
| 25:21 | Research | Bow Saw |
| 25:21 | Research | Bow Saw |
| 25:29 | Queue | Monk |
| 26:04 | Queue | Mangonel |
| 26:05 | Queue | Mangonel |
| 26:29 | Queue | Villager (Male) |
| 27:21 | Queue | Villager (Male) |
| 27:21 | Queue | Villager (Male) |
| 27:21 | Queue | Villager (Male) |
| 28:01 | Queue | Villager (Male) |
| 28:07 | Build | Town Center |
| 28:58 | Queue | Villager (Male) |
| 28:58 | Queue | Villager (Male) |
| 28:58 | Queue | Villager (Male) |
| 28:59 | Queue | Villager (Male) |
| 29:01 | Build | Farm |
| 29:02 | Build | Farm |
| 29:02 | Build | Farm |
| 29:02 | Build | Farm |
| 29:03 | Build | Farm |
| 29:03 | Build | Farm |
| 29:04 | Queue | Villager (Male) |
| 29:19 | Queue | Villager (Male) |
| 29:19 | Queue | Villager (Male) |
| 29:19 | Queue | Villager (Male) |
| 29:19 | Queue | Villager (Male) |
| 29:41 | Queue | Knight |
| 29:41 | Queue | Knight |
| 30:10 | Build | Farm |
| 30:11 | Build | Farm |
| 30:11 | Build | Farm |
Match timeline
| 0:02 | betterave · wall_segment Palisade Wall x1 |
| 7:51 | Lord_calderon · wall_segment Palisade Wall x5 |
| 7:57 | betterave · first_building Barracks |
| 8:06 | Lord_calderon · wall_segment Palisade Wall x5 |
| 8:10 | Lord_calderon · wall_segment Palisade Wall x2 |
| 8:12 | Lord_calderon · wall_segment Palisade Wall x4 |
| 8:59 | betterave · age_up feudal |
| 9:04 | betterave · first_building Stable |
| 9:07 | Lord_calderon · age_up feudal |
| 9:52 | Lord_calderon · wall_segment Palisade Wall x2 |
| 9:52 | Lord_calderon · wall_segment Palisade Wall x2 |
| 9:53 | Lord_calderon · wall_segment Palisade Wall x1 |
| 18:19 | Lord_calderon · wall_segment Palisade Wall x1 |
| 18:23 | Lord_calderon · wall_segment Palisade Wall x1 |
| 19:06 | Lord_calderon · first_building Barracks |
| 19:43 | Lord_calderon · wall_segment Palisade Wall x1 |
| 20:54 | betterave · first_market_sell 100 stone |
| 20:57 | betterave · first_market_buy 100 food |
| 22:06 | Lord_calderon · first_building Stable |
| 24:14 | betterave · age_up castle |
| 24:16 | betterave · first_building Siege Workshop |
| 24:41 | betterave · first_building Monastery |
| 27:04 | Lord_calderon · age_up castle |
| 27:59 | Lord_calderon · wall_segment Palisade Wall x1 |
| 32:01 | betterave · resign |
[ AI ANALYSIS · 1 CREDIT ]
What really happened in this match?
Wolo.gg analyzes every decision: build order, eco, micro, common mistakes by bracket. Personalized analysis on WhatsApp or Discord in 30 seconds.
Civ guide
Teutons
Perfil
Jugador #2723392